 Dungeon Crawl Stone Soup version 0.29.1-15-g9cfb28693d (webtiles) character file.

Game seed: 8592669433644143415

18 javelincjr the Caller (level 2, -1/20 HPs)
             Began as a Gnoll Summoner on Apr 12, 2023.
             Slain by a quokka (4 damage)
             ... on level 1 of the Dungeon.
             The game lasted 00:01:55 (747 turns).

javelincjr the Caller (Gnoll Summoner)               Turns: 747, Time: 00:01:56

Health: -1/20      AC:  2    Str:  7    XL:     2   Next: 66%
Magic:  4/7        EV: 13    Int: 14    God:
Gold:   12         SH:  0    Dex: 12    Spells: 7/10 levels left

rFire   . . .      SeeInvis .   h - +0 spear
rCold   . . .      Faith    .   (no shield)
rNeg    . . .      Spirit   .   a - +0 robe
rPois   .          Reflect  .   (no helmet)
rElec   .          Harm     .   (no cloak)
rCorr   .          Rampage  .   (no gloves)
Will    .....                   (no boots)
Stlth   ++........              (no amulet)
HPRegen 0.06/turn               (no ring)
MPRegen 0.10/turn               (no ring)

@: no status effects
A: fangs 1, strong nose, distributed training
a: no special abilities


You were on level 1 of the Dungeon.
You visited 1 branch of the dungeon, and saw 1 of its levels.

You collected 12 gold pieces.

Inventory:

Hand Weapons
 h - a +0 spear (weapon)
Armour
 a - a +0 robe (worn)
Scrolls
 c - 2 scrolls of identify {unknown}
 d - 3 scrolls of teleportation {unknown}
 e - a scroll of acquirement {unknown}
 g - a scroll of immolation {unknown}
Potions
 b - 2 potions of magic
 f - a potion of curing {unknown}


   Skills:
 + Level 0.5 Fighting
 + Level 0.5 Short Blades
 + Level 0.5 Long Blades
 + Level 0.5 Axes
 + Level 0.5 Maces & Flails
 + Level 0.5 Polearms
 + Level 0.5 Staves
 + Level 0.5 Ranged Weapons
 + Level 0.5 Throwing
 + Level 0.5 Armour
 + Level 4.5 Dodging
 + Level 4.1 Stealth
 + Level 0.5 Shields
 + Level 0.5 Unarmed Combat
 + Level 4.9 Spellcasting
 + Level 0.3 Conjurations
 + Level 0.3 Hexes
 + Level 7.0 Summonings
 + Level 0.3 Necromancy
 + Level 0.3 Translocations
 + Level 0.3 Transmutations
 + Level 0.3 Fire Magic
 + Level 0.3 Ice Magic
 + Level 0.3 Air Magic
 + Level 0.3 Earth Magic
 + Level 0.3 Poison Magic
 + Level 0.6 Invocations
 + Level 0.5 Evocations


You had 7 spell levels left.
You knew the following spells:

 Your Spells              Type           Power      Damage    Failure   Level
a - Summon Small Mammal   Summ           92%        N/A       1%          1
b - Call Imp              Summ           23%        N/A       1%          2

Your spell library contained the following spells:

 Spells                   Type           Power      Damage    Failure   Level
 Call Canine Familiar     Summ           23%        N/A       3%          3
 Summon Guardian Golem    Hex/Summ       13%        N/A       12%         3
 Summon Lightning Spire   Summ/Air       13%        N/A       36%         4


Dungeon Overview and Level Annotations

Branches:
Dungeon (1/15)

Altars:


Innate Abilities, Weirdness & Mutations

You have very sharp teeth.
Your uncanny sense of smell can sniff out nearby items.
Your experience applies equally to all skills.


Message History

The jackal is heavily wounded.
The jackal closely misses you.
The jackal completely misses your quokka.
The quokka bites your quokka.
Your quokka dies!
Your quokka's corpse disappears in a puff of smoke!
Your white imp barely misses the jackal.
The rat completely misses your white imp.
A goblin comes into view. It is wielding a +0 dagger.
The jackal bites you.
You barely miss the jackal.
The jackal is heavily wounded.
The jackal misses you. The jackal completely misses you.
Your white imp hits the jackal but does no damage.
The rat bites your white imp but does no damage.
You hit the jackal but do no damage. You bite the jackal.
The jackal is severely wounded.
The jackal barely misses you. x2; Your white imp hits the rat.
Your white imp freezes the rat.
The rat dies!
The quokka bites you. The jackal misses you. The jackal barely misses you.
You closely miss the jackal.
The jackal is severely wounded.
The jackal bites you but does no damage.
Your white imp closely misses the jackal.
The jackal bites you.
* * * LOW HITPOINT WARNING * * *
The quokka barely misses you.
Casting: Call Imp (safe; 1% risk of failure)
Confirm with . or Enter, or press ? or * to list all spells.
The jackal bites you.
* * * LOW HITPOINT WARNING * * *
The jackal closely misses you.
The quokka bites you but does no damage.
Your white imp gestures at the jackal.
The puff of frost hits the jackal!
The jackal dies!
The goblin closely misses your white imp.
The quokka attacks as you move away! The quokka bites you.
You die...

############
#..........#
#..........##
+............
#†.........# ∆
#....@r....#
#.....h.^..#
#....5r....#
######...#g#†#.#.#
###.................
∆
##8#.......##.#.#.#.#
...........#.........
...........##.#.#.#.#
...........#.........


You could see a quokka, a jackal, a goblin (ally target), a friendly white imp
(summoned) and a friendly quokka (summoned).

Vanquished Creatures
  A quokka (D:1)
  A bat (D:1)
2 creatures vanquished.

Vanquished Creatures (collateral kills)
  2 ball pythons (D:1)
  A giant cockroach (D:1)
  2 goblins (D:1)
  3 jackals (D:1)
  A kobold (D:1)
  A bat (D:1)
  4 rats (D:1)
14 creatures vanquished.

Grand Total: 16 creatures vanquished

Notes
Turn   | Place    | Note
-------+----------+-------------------------------------------
     0 | D:1      | javelincjr the Gnoll Summoner began the quest for the Orb.
     0 | D:1      | Reached XP level 1. HP: 13/13 MP: 6/6
   317 | D:1      | Reached XP level 2. HP: 15/19 MP: 7/7
   437 | D:1      | Learned a level 2 spell: Call Imp
   747 | D:1      | Slain by a quokka

Illustrated notes

Levels and vault maps discovered:
D:1:      nzn_arrival_settlement, layout_basic, serial_corexii_hall,
          corexii_hall_statues_u, corexii_hall_statues_u, st_stairs_10

Action                   || total
-------------------------++-------
Melee: Unarmed           ||    16
       Bite              ||     4
       Spear             ||    14
 Cast: Summon Small Mamm ||    13
       Call Imp          ||     1
Armor: Robe              ||    11
Dodge: Dodged            ||    29
